 Dungeon Crawl Stone Soup version 0.26-a0-1161-g0398aca569 (webtiles) character file.

Game seed: 11786548255719130044

101 Delamore the Skirmisher (level 4, -1/29 HPs)
             Began as a Gargoyle Fighter on Dec 23, 2020.
             Slain by a gnoll
             ... wielding a +0 halberd
              (5 damage)
             ... on level 2 of the Dungeon.
             The game lasted 00:02:06 (1685 turns).

Delamore the Skirmisher (Gargoyle Fighter)          Turns: 1685, Time: 00:02:06

Health: -1/29      AC: 10    Str: 21    XL:     4   Next: 75%
Magic:  4/4        EV:  7    Int:  8    God:
Gold:   90         SH:  9    Dex:  9    Spells: 3/3 levels left

rFire    . . .     SeeInvis .   a - +0 flail
rCold    . . .     Faith    .   c - +0 kite shield
rNeg     + . .     Spirit   .   b - +0 scale mail
rPois    ∞         Reflect  .   (no helmet)
rElec    +         Harm     .   (no cloak)
rCorr    .         Rampage  .   (no gloves)
Will     .....                  (no boots)
Stlth    ..........             (no amulet)
HPRegen  0.09/turn              (no ring)
MPRegen  0.09/turn              (no ring)

@: no status effects
A: negative energy resistance 1, electricity resistance, unbreathing,
petrification resistance, miasma immunity, AC +3
a: no special abilities


You were on level 2 of the Dungeon.
You visited 1 branch of the dungeon, and saw 2 of its levels.

You collected 90 gold pieces.

Inventory:

Hand Weapons
 a - a +0 flail (weapon)
Armour
 b - a +0 scale mail (worn)
 c - a +0 kite shield (worn)
Scrolls
 e - 2 scrolls of fear {unknown}
 h - a scroll of identify {unknown}
 m - a scroll of teleportation {unknown}
Potions
 d - a potion of might
 f - 2 potions of brilliance {unknown}
 g - 2 potions of curing {unknown}
 i - a potion of berserk rage {unknown}
 j - 2 potions of haste {unknown}
 k - a potion of invisibility {unknown}
 l - 3 potions of flight {unknown}


   Skills:
 + Level 4.3 Fighting
 + Level 3.1 Maces & Flails
 - Level 3.3 Armour
 + Level 4.3 Shields


You had 3 spell levels left.
You didn't know any spells.
Your spell library was empty.

Dungeon Overview and Level Annotations

Branches:
Dungeon (2/15)

Altars:


Innate Abilities, Weirdness & Mutations

You are resistant to torment.
Your stone body is resilient. (AC +3)
You are immune to poison.
You resist negative energy. (rN+)
You are resistant to electric shocks. (rElec)
You can survive without breathing.
You are immune to petrification.
You are immune to miasma.


Message History

You are too injured to fight recklessly!
You are too injured to fight recklessly!
You are too injured to fight recklessly!
You are too injured to fight recklessly!
You are too injured to fight recklessly!
You are too injured to fight recklessly!
You barely miss the gnoll.
The gnoll is lightly wounded.
The gnoll barely misses you.
You barely miss the gnoll.
The gnoll is lightly wounded.
The gnoll hits you with a +0 halberd!
* * * LOW HITPOINT WARNING * * *
You completely miss the gnoll.
The gnoll is lightly wounded.
You block the gnoll's attack.
You hit the gnoll but do no damage.
The gnoll is lightly wounded.
The gnoll hits you with a +0 halberd.
You die...

#≈.# #...#.♣...####....♣.♣♣♣.....
≈≈.###.#..♣....P..P...♣.♣♣..♣...♣
≈#...#.#..♣.♣..........♣.♣♣♣.P♣♣)
##.#.#.#..♣......P..P.♣.♣P♣.♣P♣..
#..#.#.#.##♣...........♣.♣.♣♣♣(P♣
#......#.# ♣...#.##...♣P♣.♣§♣♣(♣♣
...#.###.# ♣..#......♣.♣§♣.♣.♣♣)♣
...#.# #.# #♣♣....P.♣♣♣.♣.♣.♣.♣..
####.# #.# ♣.♣.@.P♣P♣♣♣§♣§♣.♣P♣.
#.# ♣..g).♣...♣♣♣.♣.♣.♣.♣ #.#
#.♣....P♣♣.♣P.♣#♣##♣♣. #.#.#
##.###..♣ P♣..♣ #.. #.#.# ...
...♣ .##.# ##. #.#.# ### ##..
#### ## #.#.# ### #.#.# #.#.###


You could see a gnoll.

Vanquished Creatures
  5 gnolls (D:2)
  An adder (D:2)
  3 worms (D:2)
  2 dart slugs (D:2)
  2 leopard geckos (D:2)
  A bat (D:1)
  2 giant cockroaches
  4 goblins
  4 hobgoblins (D:2)
  3 quokkas (D:2)
  A ball python (D:2)
  A frilled lizard (D:2)
  4 kobolds
  A rat (D:1)
34 creatures vanquished.

Vanquished Creatures (others)
  22 plants (D:2)
22 creatures vanquished.

Grand Total: 56 creatures vanquished

Notes
Turn   | Place    | Note
-------+----------+-------------------------------------------
     0 | D:1      | Delamore the Gargoyle Fighter began the quest for the Orb.
     0 | D:1      | Reached XP level 1. HP: 14/14 MP: 1/1
   597 | D:2      | Reached XP level 2. HP: 19/19 MP: 2/2
   749 | D:2      | Reached XP level 3. HP: 24/24 MP: 3/3
  1436 | D:2      | Reached XP level 4. HP: 23/29 MP: 4/4
  1685 | D:2      | Slain by a gnoll

Illustrated notes

Levels and vault maps discovered:
D:1:      ncdulo_wetmaze, layout_basic
D:2:      wad_woods_settlement, layout_basic, minivault_4

Skill      XL: |  1  2  3  4 |
---------------+-------------+-----
Fighting       | 4 |  4.3
Shields        | 4 |  4.3
Maces & Flails | 3 |  3.1
Armour         | |  3.3

Action                   |  1- 3 |  4- 6 || total
-------------------------+-------+-------++-------
Melee: Flail             |    95 |    41 ||   136
Armor: Scale mail        |    45 |    17 ||    62
Dodge: Dodged            |    21 |    14 ||    35
Block: Kite shield       |    46 |    27 ||    73

Table legend: (Time is in decaauts)
 A = Elapsed time spent in this place.
 B = Non-inter-level travel time spent in this place.
 C = Inter-level travel time spent in this place.
 D = Time resting spent in this place.
 E = Time spent auto-exploring this place.
 F = Levels seen in this place.
 G = Mean time per level.
                   A        B        C        D        E       F      G
               +--------+--------+--------+--------+--------+-----+--------+
         Total |   1739 |   1727 |     12 |      0 |   1442 |   2 |  869.5 |
       Dungeon |   1739 |   1727 |     12 |      0 |   1442 |   2 |  869.5 |
               +--------+--------+--------+--------+--------+-----+--------+

Top non-repeatable levels by time:
     D:2: 1181 daAuts
     D:1: 558 daAuts
